 Dungeon Crawl Stone Soup version 0.29.1-2-gbd0b4ee654 (webtiles) character file.

Game seed: 14696550002226434616

83 fleeber the Conjurer (level 4, 0/24 HPs)
             Began as a Deep Elf Conjurer on Nov 5, 2022.
             Slain by a scorpion (4 damage)
             ... on level 3 of the Dungeon.
             The game lasted 00:07:27 (2253 turns).

fleeber the Conjurer (Deep Elf Conjurer)            Turns: 2253, Time: 00:07:27

Health: 0/24       AC:  2    Str:  4    XL:     4   Next: 22%
Magic:  6/11       EV: 13    Int: 31    God:
Gold:   145        SH:  0    Dex: 13    Spells: 7/10 levels left

rFire   . . .      SeeInvis .   d - +0 dagger
rCold   . . .      Faith    .   (no shield)
rNeg    . . .      Spirit   .   a - +0 robe
rPois   .          Reflect  .   (no helmet)
rElec   .          Harm     .   (no cloak)
rCorr   +          Rampage  .   (no gloves)
Will    .....                   (no boots)
Stlth   ++........              l - amulet of magic regeneration
HPRegen 0.08/turn               i - +6 ring of intelligence
MPRegen 0.52/turn               r - ring of resist corrosion

@: no status effects
A: no striking features
a: no special abilities


You were on level 3 of the Dungeon.
You visited 1 branch of the dungeon, and saw 3 of its levels.

You collected 145 gold pieces.

Inventory:

Hand Weapons
 d - a +0 dagger (weapon)
Armour
 a - a +0 robe (worn)
Magical Staves
 q - a staff of air
Jewellery
 i - a +6 ring of intelligence (left hand)
 j - a ring of protection from cold
 l - an amulet of magic regeneration (around neck)
 m - a ring of ice
 r - a ring of resist corrosion (right hand)
Scrolls
 e - 2 scrolls of identify {unknown}
 k - a scroll of enchant armour {unknown}
 n - a scroll of noise {unknown}
 o - a scroll of teleportation {unknown}
Potions
 b - a potion of magic
 c - a potion of mutation {unknown}
 f - 2 potions of curing {unknown}
 g - 3 potions of heal wounds {unknown}
 h - a potion of lignification {unknown}
 p - a potion of degeneration {unknown}


   Skills:
 * Level 3.7 Dodging
 * Level 3.8 Stealth
 + Level 3.7 Spellcasting
 + Level 4.7 Conjurations


You had 7 spell levels left.
You knew the following spells:

 Your Spells              Type           Power      Damage    Failure   Level
a - Magic Dart            Conj           100%       1d8       1%          1
b - Searing Ray           Conj           70%        2d7       1%          2

Your spell library contained the following spells:

 Spells                   Type           Power      Damage    Failure   Level
 Static Discharge         Conj/Air       20%        3-6/arc   3%          2
 Dazzling Flash           Conj/Hex       40%        N/A       7%          3
 Fulminant Prism          Conj/Hex       10%        3d9       24%         4
 Iskenderun's Mystic Bla  Conj/Tloc      20%        2d6       24%         4
 Sticky Flame             Conj/Fire      20%        2d4       24%         4
 Dispel Undead            Necr           5%         3d7       52%         4


Dungeon Overview and Level Annotations

Branches:
Dungeon (3/15)

Altars:
Ru
Sif Muna


Message History

Aiming: Magic Dart (safe; 1% risk of failure)
Press: ? - help, Shift-Dir - straight line, f - scorpion
Aim: a scorpion (moderately wounded, 100% to hit)
The magic dart hits the scorpion but does no damage.
The scorpion is moderately wounded.
The scorpion stings you. x2
Casting: Magic Dart (safe; 1% risk of failure)
Confirm with . or Enter, or press ? or * to list all spells.
Aiming: Magic Dart (safe; 1% risk of failure)
Press: ? - help, Shift-Dir - straight line, f/p - scorpion
Aim: a scorpion (moderately wounded, 100% to hit)
The magic dart hits the scorpion but does no damage.
The scorpion is moderately wounded.
The scorpion stings you!
* * * LOW HITPOINT WARNING * * *
Casting: Magic Dart (safe; 1% risk of failure)
Confirm with . or Enter, or press ? or * to list all spells.
Aiming: Magic Dart (safe; 1% risk of failure)
Press: ? - help, Shift-Dir - straight line, f/p - scorpion
Aim: a scorpion (moderately wounded, 100% to hit)
The magic dart hits the scorpion but does no damage.
The scorpion is moderately wounded.
The scorpion stings you but does no damage.
Casting: Magic Dart (safe; 1% risk of failure)
Confirm with . or Enter, or press ? or * to list all spells.
Aiming: Magic Dart (safe; 1% risk of failure)
Press: ? - help, Shift-Dir - straight line, f/p - scorpion
Aim: a scorpion (moderately wounded, 100% to hit)
The magic dart hits the scorpion but does no damage.
The scorpion is moderately wounded.
The scorpion closely misses you.
Casting: Magic Dart (safe; 1% risk of failure)
Confirm with . or Enter, or press ? or * to list all spells.
Aiming: Magic Dart (safe; 1% risk of failure)
Press: ? - help, Shift-Dir - straight line, f/p - scorpion
Aim: a scorpion (moderately wounded, 100% to hit)
The magic dart hits the scorpion but does no damage.
The scorpion is moderately wounded.
The scorpion stings you.
You die...

#..#### #.# ## #.)...#
#.# #..##.#
#.############+
#+###'####..............
.....#..##..............
.....#..##.............#
#+###'..+..............#
...'.#..##.######†.....#
...#.#..##.###..@s?<...#
._.#.'##'..##..##.....?#
...#.#..##....## .....†#
.).+.#..##..### ......#
#+###+..+...# #######
#..#...# #..#...#
+####>.. #.##


You could see a scorpion.

Vanquished Creatures
  3 adders (D:2)
  A dart slug (D:2)
  3 ball pythons
  5 bats
  4 endoplasms
  4 giant cockroaches (D:1)
  6 goblins
  5 hobgoblins
  2 jackals (D:2)
  4 quokkas
  6 frilled lizards
  2 kobolds
  4 rats
49 creatures vanquished.

Notes
Turn   | Place    | Note
-------+----------+-------------------------------------------
     0 | D:1      | fleeber the Deep Elf Conjurer began the quest for the Orb.
     0 | D:1      | Reached XP level 1. HP: 10/10 MP: 6/6
   274 | D:1      | Reached XP level 2. HP: 15/15 MP: 2/8
   797 | D:1      | Found a faded altar of an unknown god.
  1256 | D:1      | Reached XP level 3. HP: 19/19 MP: 4/9
  1343 | D:1      | Learned a level 2 spell: Searing Ray
  1627 | D:2      | Found a shimmering blue altar of Sif Muna.
  1778 | D:2      | Reached XP level 4. HP: 24/24 MP: 9/11
  2214 | D:3      | Found a sacrificial altar of Ru.
  2244 | D:3      | Noticed a scorpion
  2253 | D:3      | Slain by a scorpion

Illustrated notes

Levels and vault maps discovered:
D:1:      tarquinn_simple_flora_water_d, layout_loops_ring,
          ebering_ecumenical_altar_webs
D:2:      layout_rooms, serial_corexii_hall, corexii_hall_statues_t,
          corexii_hall_statues_i, minmay_hexomino_r4
D:3:      layout_basic, nicolae_uskayaw_dance_hall,
          mainiacjoe_overflow_24_doors, wander_ebering_terrifying_dragon_lair

Skill      XL: |  1  2 |
---------------+-------+-----
Stealth        | 3 |  3.8
Dodging        | 3 |  3.7
Spellcasting   | |  3.7
Conjurations   | |  4.7

Action                   |  1- 3 |  4- 6 || total
-------------------------+-------+-------++-------
Melee: Unarmed           |     4 |       ||     4
       Punch             |     1 |       ||     1
 Cast: Magic Dart        |    72 |    29 ||   101
Armor: Robe              |     2 |     2 ||     4
Dodge: Dodged            |     7 |     4 ||    11
